Map: King's Cove LE

Players

Throwfordays - Winner!

  • Race: Protoss Protoss
  • League: Bronze
  • Spawn Location: 5:00

FinkHendrick

  • Race: Terran Terran
  • League: Bronze
  • Spawn Location: 11:00

VOD

Have the link to the VOD?

Description

Time

  • Played on: Jan. 23, 2019, 10:21 p.m.
  • Length: 6:51
Show
View Real Time Build Order
Export as new Build Order

Throwfordays Protoss - Winner!

Build Orders:  

Get SALT Encoding   

  12  0:00  Probe  
  13  0:12  Probe  
  14  0:23  Pylon  
  14  0:24  Probe  
  15  0:42  Gateway  
  15  0:44  Probe  
  16  0:56  Probe  
  17  1:04  Assimilator  
  17  1:08  Probe  
  18  1:29  Cybernetics Core  
  18  1:30  Zealot  
  18  1:32  Probe  
  21  1:44  Probe  
  22  1:47  Warp Gate  
  22  1:50  Nexus  
  22  1:55  Pylon  
  22  1:56  Probe  
  23  2:22  Gateway  
  23  2:28  Assimilator  
  23  2:30  Probe  
  23  2:34  Gateway  
  24  2:41  Pylon  
  24  2:42  Probe  
  25  2:54  Probe  
  25  2:57  Gateway  
  26  3:02  Probe  
  27  3:10  Adept  
  29  3:14  Probe  
  30  3:21  Probe  
  30  3:26  Probe  
  32  3:33  Probe  
  33  3:38  Probe  
  34  3:44  Twilight Council  
  34  3:46  Probe  
  35  3:50  Probe  
  35  3:51  Resonating Glaives  
  35  3:52  Gateway  
  36  3:58  Probe  
  36  4:01  Forge  
  36  4:02  Probe  
  38  4:06  Protoss Ground Weapons Level 1  
  38  4:09  Gateway  
  38  4:10  Probe  
  38  4:14  Probe  
  40  4:22  Probe  
  41  4:25  Adept  
  41  4:26  Probe  
  41  4:29  Adept  
  46  4:34  Adept, Probe  
  46  4:37  Adept  
  51  4:39  Probe  
  52  4:46  Probe  
  53  4:57  Pylon  
  53  4:59  Pylon  
  53  5:03  Assimilator  
  53  5:15  Stalker  
  53  5:16  Stalker x3  
  53  5:18  Pylon  
  61  5:29  Pylon x2  
  61  5:30  Stalker  
  61  5:31  Stalker  
  65  5:42  Pylon  
  65  5:48  Adept x4  
  61  6:31  Stalker x4  
  61  6:32  Stalker x2  
  73  6:35  Pylon  
Show
View Real Time Build Order
Export as new Build Order

FinkHendrick Terran 

Build Orders:  

Get SALT Encoding   

  12  0:41  Supply Depot  
  12  0:47  Supply Depot  
  12  0:52  Supply Depot  
  12  0:53  Refinery  
  12  0:58  Refinery  
  12  1:09  Barracks  
  13  1:18  SCV  
  13  1:30  SCV  
  14  1:50  Supply Depot  
  14  2:22  Bunker  
  14  2:23  Barracks Reactor  
  14  2:28  Barracks  
  14  2:35  Engineering Bay  
  14  2:50  SCV  
  15  3:02  SCV  
  16  3:06  Factory  
  16  3:12  Marine  
  17  3:14  SCV  
  18  3:33  Orbital Command  
  18  3:37  Marine  
  19  3:51  Barracks Reactor  
  19  3:59  Marine  
  19  4:00  Marine  
  21  4:13  SCV  
  22  4:17  Marine x2  
  24  4:25  SCV  
  25  4:35  Marine x2  
  25  4:37  SCV  
  28  4:43  Widow Mine  
  30  4:49  SCV  
  30  4:51  Marine  
  30  4:52  Marine  
  33  4:53  Marine  
  34  5:05  Widow Mine  
  34  5:06  Marine  
  37  5:09  Marine x2  
  37  5:11  Marine  
  40  5:18  Sensor Tower  
  40  5:25  Missile Turret  
  40  5:27  Marine, Missile Turret  
  41  5:36  Supply Depot  
  41  5:45  Marine, Supply Depot  
  41  5:46  Marine  
  27  6:24  Marine x2  
Tags
 
Matchup
PvT
Replay Pack
Multiplayer
Spawn Locations
Cross Positions
Add a new tag
Caveats
  • Supply blocks, unpowered buildings, or Contaminate may cause inaccurate times.
  • Supply counts are checked every 10 seconds.